 Dungeon Crawl Stone Soup version 0.26-a0-652-gafc20e3620 (webtiles) character file.

Game seed: 12410792301289765174

20 Decritt the Vandal (level 3, 24/24 HPs)
             Began as a Halfling Hunter on Oct 2, 2020.
             Quit the game on level 1 of the Dungeon.
             The game lasted 00:06:17 (707 turns).

Decritt the Vandal (Halfling Hunter)                 Turns: 707, Time: 00:06:18

Health: 24/24      AC:  4    Str: 13    XL:     3   Next: 0%
Magic:  3/3        EV: 15    Int:  9    God:
Gold:   102        SH:  0    Dex: 15    Spells: 2/2 levels left

rFire    + . .     SeeInvis .   m - +2 hunting sling (flame)
rCold    + . .     Faith    .   (shield restricted)
rNeg     . . .     Spirit   .   c - +0 leather armour
rPois    .         Reflect  .   (no helmet)
rElec    .         Harm     .   j - scarf {rC+ rF+}
rCorr    .         Rampage  .   h - +0 pair of gloves
MR       .....                  (no boots)
Stlth    ++........             (no amulet)
HPRegen  0.08/turn              (no ring)
MPRegen  0.08/turn              (no ring)

@: no status effects
A: small, mutation resistance 1
a: no special abilities


You were on level 1 of the Dungeon.
You visited 1 branch of the dungeon, and saw 1 of its levels.

You collected 102 gold pieces.

Inventory:

Hand Weapons
 a - a +1 hunting sling
 b - a +0 short sword
 i - a +0 dagger
 m - a +2 hunting sling of flaming (weapon)
Missiles
 d - 15 sling bullets (quivered)
 g - 10 stones
Armour
 c - a +0 leather armour (worn)
 h - a +0 pair of gloves (worn)
 j - a scarf of resistance (worn)
Scrolls
 e - a scroll of teleportation {unknown}
 f - a scroll of random uselessness {unknown}
 k - 2 scrolls of identify {unknown}
Potions
 l - a potion of degeneration {unknown}


   Skills:
 - Level 1.7 Fighting
 + Level 6.2 Slings
 + Level 2.7 Dodging
 + Level 2.0 Stealth


You had 2 spell levels left.
You didn't know any spells.
Your spell library was empty.

Dungeon Overview and Level Annotations

Branches:
Dungeon (1/15)

Altars:


Innate Abilities, Weirdness & Mutations

You are small and have problems with some larger weapons.
You are somewhat resistant to further mutation.


Message History

Your +2 hunting sling of flaming bursts into flame!
m - a +2 hunting sling of flaming (weapon)
Quiver which item? (- for none, * to show all) (? for menu, Esc to quit)
Okay, then.
You see here a glowing whip.
You see here a glowing whip.
n - a glowing whip You drop a glowing whip.
Found a ring mail.
Your +2 hunting sling of flaming stops flaming.
b - a +0 short sword (weapon)
Your +2 hunting sling of flaming bursts into flame!
m - a +2 hunting sling of flaming (weapon)
g - 10 stones (gained 1)
There is a stone staircase leading down here.
A frilled lizard and a rat come into view.
The frilled lizard hisses angrily.
You don't know any spells.
You don't know any spells.
Are you sure you want to abandon this character and quit the game? (Confirm with "yes".)

###.....##.# #..........#
###### #.#.....#.)#
.....###.##...##..#
####.......#.###..#######
...)>........>........[..
########†#######..######.
#.# #..# #.# #@.#
#.....l.r..# ...........#
#########... #.### #.#
#.# #.# ##.# #.# ##.#
#.#####


You could see a frilled lizard and a rat.

Vanquished Creatures
  A dart slug (D:1)
  A leopard gecko (D:1)
  A giant cockroach (D:1)
  A goblin (D:1)
  3 hobgoblins (D:1)
  4 kobolds (D:1)
  2 bats (D:1)
  A frilled lizard (D:1)
  A rat (D:1)
15 creatures vanquished.

Notes
Turn   | Place    | Note
-------+----------+-------------------------------------------
     0 | D:1      | Decritt the Halfling Hunter began the quest for the Orb.
     0 | D:1      | Reached XP level 1. HP: 14/14 MP: 1/1
   138 | D:1      | Reached skill level 6 in Slings
   142 | D:1      | Reached XP level 2. HP: 19/19 MP: 2/2
   660 | D:1      | Reached XP level 3. HP: 22/24 MP: 3/3
   707 | D:1      | Quit the game

Illustrated notes

Levels and vault maps discovered:
D:1:      psy_arrival_fountain, layout_loops_ring, nrook_loot_triangle,
          hangedman_feature_mirror

Skill      XL: |  1  2 |
---------------+-------+-----
Slings         | 6 |  6.2
Stealth        | 2 |  2.0
Fighting       | |  1.7
Dodging        | |  2.7

Action                   || total
-------------------------++-------
Melee: Dagger            ||    19
 Fire: Hunting sling     ||    19
Throw: Stone             ||    23
Armor: Leather armour    ||     5
Dodge: Dodged            ||    21

Table legend: (Time is in decaauts)
 A = Elapsed time spent in this place.
 B = Non-inter-level travel time spent in this place.
 C = Inter-level travel time spent in this place.
 D = Time resting spent in this place.
 E = Time spent auto-exploring this place.
 F = Levels seen in this place.
 G = Mean time per level.
                   A        B        C        D        E       F      G
               +--------+--------+--------+--------+--------+-----+--------+
         Total |    702 |    702 |      0 |      0 |    428 |   1 |  702.0 |
       Dungeon |    702 |    702 |      0 |      0 |    428 |   1 |  702.0 |
               +--------+--------+--------+--------+--------+-----+--------+

Top non-repeatable levels by time:
     D:1: 702 daAuts
